 Dungeon Crawl Stone Soup version 0.22-a0-166-g5351223 (webtiles) character file.

40 Amnesiac the Digger (level 3, -2/24 HPs)
             Began as a Mummy Earth Elementalist on Feb 13, 2018.
             Killed from afar by Sigmund (16 damage)
             ... with a puff of flame
             ... on level 2 of the Dungeon.
             The game lasted 00:02:45 (1937 turns).

Amnesiac the Digger (Mummy Earth Elementalist)      Turns: 1937, Time: 00:02:46

Health: -2/24      AC:  3    Str: 11    XL:     3   Next: 30%
Magic:  4/7        EV: 11    Int: 15    God:
Gold:   48         SH:  3    Dex: 12    Spells: 5/8 levels left

rFire    x . .     SeeInvis .   a - +0 dagger
rCold    + . .     Gourm    .   n - +0 buckler (curse)
rNeg     + + +     Faith    .   c - +0 robe
rPois    ∞         Spirit   .   (no helmet)
rElec    .         Reflect  .   (no cloak)
rCorr    .         Harm     .   f - +0 pair of gloves
MR       .....                  (no boots)
Stlth    ++........             (no amulet)
HPRegen  0.08/turn              (no ring)
MPRegen  0.10/turn              (no ring)

@: very slightly contaminated
A: no food or potions, fire vulnerability, cold resistance 1, negative energy
resistance 3, torment resistance, unbreathing
a: no special abilities


You were on level 2 of the Dungeon.
You were not hungry.

You visited 1 branch of the dungeon, and saw 3 of its levels.

You collected 48 gold pieces.

Inventory:

Hand Weapons
 a - a +0 dagger (weapon)
Missiles
 k - a poisoned needle
Armour
 c - a +0 robe (worn)
 f - a +0 pair of gloves (worn)
 n - a cursed +0 buckler (worn)
Jewellery
 g - a +5 ring of dexterity {unknown}
 j - a +6 amulet of reflection {unknown}
Scrolls
 e - a scroll of fear {!r, unknown}
 h - a scroll of amnesia {!r, unknown}
 l - a scroll of identify {!r, unknown}
 m - a scroll of enchant weapon {!r, unknown}
Books
 d - a book of Geomancy

   Spells                             Type                      Level
   a - Sandblast                      Earth                        1
   b - Passwall                       Transmutation/Earth          2
   c - Stone Arrow                    Conjuration/Earth            3
   d - Petrify                        Transmutation/Earth          4
   e - Lee's Rapid Deconstruction     Earth                        5


   Skills:
 - Level 1.5 Dodging
 - Level 1.5 Stealth
 + Level 3.2 Spellcasting
 - Level 1.0 Transmutations
 * Level 3.3 Earth Magic


You had 5 spell levels left.
You knew the following spells:

 Your Spells              Type           Power        Failure   Level  Hunger
a - Sandblast             Erth           ##....       9%          1    N/A
b - Passwall              Tmut/Erth      #.........   21%         2    N/A

Dungeon Overview and Level Annotations

Branches:
Dungeon (3/15)

Altars:

Annotations:
D:2 Sigmund


Innate Abilities, Weirdness & Mutations

You do not eat or drink.
Your flesh is vulnerable to fire.
You are immune to poison.
Your flesh is cold resistant. (rC+)
You are immune to negative energy. (rN+++)
You are immune to unholy pain and torment.
You can survive without breathing.


Message History

Confirm with . or Enter, or press ? or * to list all spells.
Aiming: Sandblast (safe; 9% risk of failure)
Press: ? - help, Shift-Dir - straight line, f/p - Sigmund
Aim: Sigmund, wielding a scythe and wearing a robe (moderately wounded)
The blast of sand hits Sigmund.
Sigmund is severely wounded.
b - a stone Unknown command.
Casting: Sandblast (safe; 9% risk of failure)
Confirm with . or Enter, or press ? or * to list all spells.
Aiming: Sandblast (safe; 9% risk of failure)
Press: ? - help, Shift-Dir - straight line, f/p - Sigmund
Aim: Sigmund, wielding a scythe and wearing a robe (severely wounded)
You miscast Sandblast.
You are very lightly contaminated with residual magic.
You feel a surge of energy from the ground.
Sigmund barely misses you.
Unknown command.
Unknown command.
Unknown command.
Unknown command.
Casting: Sandblast (safe; 9% risk of failure)
Confirm with . or Enter, or press ? or * to list all spells.
Aiming: Sandblast (safe; 9% risk of failure)
Press: ? - help, Shift-Dir - straight line, f/p - Sigmund
Aim: Sigmund, wielding a scythe and wearing a robe (severely wounded)
The blast of sand misses Sigmund.
You now have no stones remaining.
Sigmund hits you with a scythe!
Unknown command.
You can't drink.
Unknown command.
Throwing (i - inventory)
i - a throwing net (quivered)
Press: ? - help, Shift-Dir - straight line, f/p - Sigmund
Aim: Sigmund, wielding a scythe and wearing a robe (severely wounded)
You throw a throwing net. The throwing net hits Sigmund.
Sigmund is caught in the net!
Sigmund is severely wounded.
You hit Sigmund.
Sigmund is severely wounded.
Sigmund struggles against the net.
You barely miss Sigmund.
Sigmund is severely wounded.
Sigmund is suddenly surrounded by pale blue light.
Sigmund struggles against the net.
You hit Sigmund but do no damage.
Sigmund is severely wounded.
Sigmund struggles against the net.
Wield which item (- for none, * to show all)? (? for menu, Esc to quit)
Okay, then.
Okay, then.
You aren't carrying any items that you can evoke.
Unknown command.
You hit Sigmund.
Sigmund is almost dead.
Sigmund struggles against the net.
You hit Sigmund but do no damage.
Sigmund is almost dead.
Sigmund struggles against the net.
You hit Sigmund.
Sigmund is almost dead.
Sigmund points at you and mumbles some strange words.
The puff of flame hits you! The fire burns you terribly!
Ouch! That really hurt!
You die...

#.###.###.###..
#.)...# #...#..
#.###.###.###
####...#.....#..
#......###.###.#
#........#.#...#
#........###...#.
#................
#.....@..........
#######@....#####
#<.........#
#..........#
#..........#
#....>.....#
#..........#
#......<...#
#..........#


You could see Sigmund (caught).

Vanquished Creatures
  An adder (D:2)
  2 dart slugs (D:1)
  A leopard gecko (D:2)
  A giant cockroach (D:1)
  3 goblins
  5 hobgoblins
  2 jackals
  A quokka (D:2)
  2 frilled lizards
  3 kobolds
  5 rats
26 creatures vanquished.

Notes
Turn   | Place    | Note
-------+----------+-------------------------------------------
     0 | D:1      | Amnesiac the Mummy Earth Elementalist began the quest for the Orb.
     0 | D:1      | Reached XP level 1. HP: 13/13 MP: 4/4
   597 | D:1      | Reached XP level 2. HP: 14/19 MP: 5/5
   703 | D:1      | Learned a level 2 spell: Passwall
   976 | D:1      | Reached skill level 1 in Transmutations
  1522 | D:2      | Noticed Sigmund
  1533 | D:2      | Reached XP level 3. HP: 24/24 MP: 4/7
  1937 | D:2      | Killed from afar by Sigmund

Vault maps used:
D:1:      eino_arrival_tree_alley, minmay_tripent
D:2:      minmay_quantized, uniq_sigmund
D:3:      gup_sewer_entry_spiral

Skill      XL: |  1  2 |
---------------+-------+-----
Spellcasting   | 3 |  3.2
Transmutations | 1 |  1.0
Earth Magic    | 3 |  3.3
Dodging        | |  1.5
Stealth        | |  1.5

Action                   || total
-------------------------++-------
Melee: Unarmed           ||    18
       Dagger            ||    36
Throw: Throwing net      ||     1
 Cast: Sandblast         ||    37
 Stab: Sleeping          ||     4
       Distracted        ||     1
Armor: Robe              ||    13
Dodge: Dodged            ||    52

Table legend:
 A = Spawn XP
 B = Non-spawn XP
 C = Spawn XP percentage of total XP
 D = Spawn monster count
 E = Non-spawn monster count
 F = Spawn count percentage of total count
 G = Total turns spent on level
                    A         B        C        D         E        F      G
               +---------+---------+-------+---------+---------+-------+---------
         Total |       0 |      58 |   0.0 |       0 |      26 |   0.0 |  1937
               +---------+---------+-------+---------+---------+-------+---------
           D:1 |       0 |      23 |   0.0 |       0 |      11 |   0.0 |  1346
           D:2 |       0 |      33 |   0.0 |       0 |      14 |   0.0 |   550
           D:3 |       0 |       2 |   0.0 |       0 |       1 |   0.0 |    41
               +---------+---------+-------+---------+---------+-------+---------
